 Dungeon Crawl Stone Soup version 0.23.0 (webtiles) character file.

Game seed: 12501748144519097058

124652 Bitard the Bludgeoner (level 16, -2/151 HPs)
             Began as a Minotaur Berserker on Feb 13, 2019.
             Was a High Priest of Trog.
             Slain by Polyphemus (8 damage)
             ... while petrified by you
             ... on level 2 of the Shoals on Feb 14, 2019.
             The game lasted 02:33:04 (21076 turns).

Bitard the Bludgeoner (Minotaur Berserker)         Turns: 21076, Time: 02:33:05

Health: -2/151     AC: 23    Str: 31    XL:     16   Next: 39%
Magic:  15/15      EV:  2    Int:  4    God:    Trog [*****.]
Gold:   974        SH:  0    Dex: 17    Spells: 15/15 levels left

rFire    + . .     SeeInvis .   N - +7 morningstar of Dogma {speed, rC- Str+5}
rCold    x x .     Gourm    .   w - +0 shield
rNeg     + + +     Faith    .   y - +3 scale mail of Vlad {rElec rF+ rC- rN+}
rPois    ∞         Spirit   .   (helmet restricted)
rElec    +         Reflect  .   d - +1 cloak
rCorr    .         Harm     .   K - +2 pair of gloves
MR       +++..                  A - +2 pair of boots
Stlth    ..........             q - amulet of the acrobat
HPRegen  1.35/turn              u - +3 ring of slaying
MPRegen  0.14/turn              M - +2 ring of dexterity

@: petrified, berserk cooldown, regenerating, slowed
A: retaliatory headbutt, horns 2, poison resistance, strong 1, wild magic 1
a: Berserk, Trog's Hand, Brothers in Arms, Renounce Religion


You were on level 2 of the Shoals.
You worshipped Trog.
Trog was extremely pleased with you.
You were near starving.

You visited 5 branches of the dungeon, and saw 26 of its levels.
You also visited: Sewer, Ice Cave and Volcano.

You collected 2761 gold pieces.
You spent 1787 gold pieces at shops.

Inventory:

Hand Weapons
 z - the +9 whip of Zuhazili {elec, rN++ MR+ Int+4}
   (You found it on level 6 of the Dungeon)

   Occasionally, upon striking a foe, it will discharge some electrical energy
   and cause terrible harm.
   It affects your intelligence (+4).
   It greatly protects you from negative energy.
   It affects your resistance to hostile enchantments.
 N - the +7 morningstar of Dogma (weapon) {speed, rC- Str+5}
   (Trog gifted it to you on level 11 of the Dungeon)

   Attacks with this weapon are significantly faster.
   It affects your strength (+5).
   It makes you vulnerable to cold.
Missiles
 J - 8 tomahawks of returning (quivered)
Armour
 d - a +1 cloak (worn)
 w - a +0 shield (worn)
 y - the +3 scale mail of Vlad (worn) {rElec rF+ rC- rN+}
   (You found it on level 6 of the Dungeon)

   It protects you from fire.
   It makes you vulnerable to cold.
   It insulates you from electricity.
   It protects you from negative energy.
 A - a +2 pair of boots (worn)
 K - a +2 pair of gloves (worn)
Jewellery
 h - an uncursed amulet of faith
 q - an amulet of the acrobat (around neck)
 u - a +3 ring of slaying (left hand)
 D - a +3 ring of intelligence {unknown}
 M - a +2 ring of dexterity (right hand)
Wands
 b - a wand of iceblast (22)
 f - a wand of flame (67)
 v - a wand of acid (26)
Scrolls
 e - 4 scrolls of fog
 i - 5 scrolls of blinking
 j - 3 scrolls of noise {unknown}
 m - 6 scrolls of fear
 r - 5 scrolls of enchant armour
 x - 16 scrolls of remove curse
 C - a scroll of identify
 F - 2 scrolls of silence {unknown}
 I - 6 scrolls of teleportation
 L - 2 scrolls of amnesia {unknown}
 O - 2 scrolls of vulnerability {unknown}
 Q - 6 scrolls of enchant weapon {unknown}
 S - 2 scrolls of magic mapping {unknown}
 Z - a scroll of acquirement {unknown}
Potions
 a - a potion of berserk rage {unknown}
 g - a potion of magic {unknown}
 k - 8 potions of curing
 l - 3 potions of heal wounds
 n - 3 potions of might
 o - a potion of mutation
 p - 7 potions of haste
 s - 2 potions of flight {unknown}
 t - 2 potions of ambrosia {unknown}
 E - 2 potions of agility
 G - a potion of cancellation {unknown}
 H - 2 potions of experience {unknown}
 P - 2 potions of resistance
 R - a potion of lignification {unknown}
 U - 2 potions of brilliance {unknown}
 V - a potion of invisibility {unknown}
Comestibles
 c - 46 rations
 B - 7 chunks of flesh


   Skills:
 + Level 16.0 Fighting
 - Level 16.0 Maces & Flails
 + Level 15.7 Armour
 + Level 14.6 Dodging
 * Level 14.8 Shields


You had 15 spell levels left.
You didn't know any spells.
Your spell library was empty.

Dungeon Overview and Level Annotations

Branches:
Dungeon (15/15)            Temple (1/1) D:7            Lair (6/6) D:11
 Shoals (2/4) Lair:2        Snake (0/4) Lair:2        Slime (0/5) Lair:6
    Orc (2/2) D:10            Elf (0/3) Orc:2        Vaults (0/5) D:13
 Depths (0/5) D:15

Altars:
Ashenzari
Cheibriados
Dithmenos
Elyvilon
Fedhas
Gozag
Hepliaklqana
Kikubaaqudgha
Makhleb
Nemelex Xobeh
Okawaru
Qazlal
Ru
Sif Muna
Trog
Uskayaw
Vehumet
Wu Jian
Xom
Yredelemnul
Zin
The Shining One
Jiyva

Shops:
D:7 *   D:11 *   D:13 }   Orc:2 [*[}   Shoals:1 !(

Annotations:
Shoals:2 Polyphemus


Innate Abilities, Weirdness & Mutations

You reflexively headbutt those who attack you in melee.
You have a pair of horns on your head.
Your system is resistant to poisons. (rPois)
Your muscles are strong. (Str +2)
Your spells are a little harder to cast, but a little more powerful.


Message History

Polyphemus hits you!!
* * * LOW HITPOINT WARNING * * *
Polyphemus hits you but does no damage. Polyphemus hits you but does no damage.
Polyphemus hits you!
* * * LOW HITPOINT WARNING * * *
Polyphemus hits you but does no damage. Polyphemus hits you!
* * * LOW HITPOINT WARNING * * *
Polyphemus hits you!
* * * LOW HITPOINT WARNING * * *
Polyphemus hits you!
* * * LOW HITPOINT WARNING * * *
You are no longer berserk.
You feel yourself slow down. Polyphemus hits you!
* * * LOW HITPOINT WARNING * * *
Polyphemus hits you.
* * * LOW HITPOINT WARNING * * *
Polyphemus hits you!!
* * * LOW HITPOINT WARNING * * *
Polyphemus hits you!
You die...

..C≈......# #..≈≈≈..≈..#####
..≈≈≈..≈..###.≈≈≈.......##.#
......≈...#....≈≈...........
..#....... ..<..≈..######...
.........# #....≈..###.##.≈≈
.....≈...# #............≈≈≈
.≈≈≈.....####........."....≈
≈≈≈≈≈.%(....†.....#........≈
≈≈≈≈≈...<..@C............≈≈≈
≈≈≈≈....................≈≈≈≈
≈≈≈≈...≈≈≈.........##...≈≈≈≈
≈≈≈≈≈..≈≈......(...##...≈≈≈≈
≈≈≈≈≈≈≈≈...###..>.###...≈≈≈≈
≈≈≈≈≈≈≈≈.### #.....##...≈≈≈≈
≈≈≈≈≈≈≈≈.# ##.....####.≈≈≈≈
≈≈≈≈≈≈≈)####........##.:≈≈≈
≈≈≈≈≈≈≈≈..#...≈≈≈.......≈≈≈


You could see Polyphemus.

Vanquished Creatures
  Kirke (Lair:6)
  A frost giant (IceCv)
  An orc warlord (Orc:1)
  A stone giant (Volcano)
  The ghost of Ruicvywi the Grappler, a journeyman OgTm of Okawaru (Lair:3)
  2 merfolk impalers (Shoals:2)
  An ettin (D:15)
  A fire dragon (Lair:6)
  Fannar (D:11)
  The ghost of Dikli the Blocker, a journeyman MiBe of Trog (Lair:3)
  A centaur warrior (D:13)
  A death knight (D:15)
  15 hydras
  A merfolk avatar (Shoals:1)
  A catoblepas (Shoals:2)
  3 two-headed ogres
  An alligator (Lair:6)
  4 tengu warriors
  An ogre mage (D:15)
  6 death yaks
  6 orc high priests (Orc:2)
  Sonja (Orc:1)
  An unseen horror (D:15)
  4 sea snakes
  A deep troll (D:15)
  The ghost of Train the Zephyrmancer, a novice TeAE of Makhleb (D:7)
  2 wizards
  A swamp dragon (Lair:6)
  7 orc knights
  A necromancer (D:13)
  5 manticores
  3 orc sorcerers
  An ugly thing (D:13)
  2 cyclopes
  3 deep elf magi
  5 merfolk sirens
  8 elephants
  6 black mambas
  A molten gargoyle (Volcano)
  2 water nymphs (Shoals:1)
  2 gargoyles
  A torpor snail (Lair:6)
  A guardian serpent (D:14)
  15 spiny frogs
  An efreet (Volcano)
  10 rime drakes
  5 komodo dragons
  2 tengu conjurers (D:15)
  29 blink frogs
  29 polar bears
  5 merfolk (Shoals:2)
  Grinder (D:3)
  A wind drake (Shoals:1)
  A raiju (shapeshifter) (D:13)
  9 trolls
  4 slime creatures (D:14)
  Prince Ribbit (D:7)
  7 hippogriffs
  5 dream sheep
  A snapping turtle (Shoals:1)
  A raiju (Lair:6)
  A water elemental (Shoals:2)
  2 vampires
  A spriggan (shapeshifter) (D:15)
  6 wyverns
  7 fire bats (Volcano)
  4 fire elementals (Volcano)
  A hog (shapeshifter) (D:13)
  9 hogs
  A wraith (D:13)
  A yak (shapeshifter) (D:13)
  48 yaks
  A human (D:7)
  A hungry ghost (D:11)
  5 vampire mosquitoes
  A steam dragon (D:15)
  Grum (D:11)
  2 nagas (Lair:2)
  14 wargs
  A soldier ant (D:11)
  An acid dragon (Lair:6)
  10 porcupines
  16 water moccasins
  14 hell hounds (Lair:6)
  3 phantoms
  A hornet zombie (D:15)
  39 orc warriors
  6 sky beasts
  3 ice beasts
  3 swamp drakes (Lair:6)
  2 necrophages
  12 black bears
  25 centaurs
  An eye of draining (D:15)
  11 ogres
  3 boggarts (D:14)
  33 wolves
  11 crocodiles
  17 bullfrogs
  3 big kobolds
  A gnoll sergeant (D:10)
  A wyvern skeleton (D:13)
  A scorpion (D:11)
  9 killer bees
  8 wights
  8 howler monkeys
  2 electric eels (D:11)
  7 crimson imps
  4 lava snakes (Volcano)
  2 quasits
  2 centaur zombies
  4 jellies
  17 orc wizards
  12 centaur skeletons
  21 orc priests
  A bullfrog skeleton (D:10)
  8 hounds
  3 iron imps (D:6)
  9 iguanas
  4 worker ants
  A hound zombie (D:10)
  A hound skeleton (D:8)
  12 adders
  15 gnolls
  3 river rats (D:6)
  5 shadow imps
  2 oozes
  2 adder skeletons
  A worm (D:5)
  A dart slug (D:1)
  6 leopard geckos
  76 orcs
  5 bats
  6 giant cockroaches
  7 goblins
  4 hobgoblins
  13 jackals
  26 kobolds
  4 quokkas
  4 ball pythons
  4 frilled lizards
  A quokka skeleton (D:6)
  14 rats
  A fungus (Lair:1)
  2 plants (Lair:6)
898 creatures vanquished.

Vanquished Creatures (others)
  An unseen horror (D:12)
  A yak (IceCv)
  4 wolves (IceCv)
  An orc priest (Orc:1)
  6 fungi
  23 plants
36 creatures vanquished.

Grand Total: 934 creatures vanquished

Notes
Turn   | Place    | Note
-------+----------+-------------------------------------------
     0 | D:1      | Bitard the Minotaur Berserker began the quest for the Orb.
     0 | D:1      | Reached XP level 1. HP: 19/19 MP: 0/0
   110 | D:1      | Reached XP level 2. HP: 26/27 MP: 1/1
   601 | D:1      | Reached XP level 3. HP: 31/33 MP: 2/2
   622 | D:1      | Reached ** piety under Trog
  1243 | D:2      | Reached XP level 4. HP: 38/40 MP: 3/3
  1574 | D:2      | Found an iron altar of Okawaru.
  1705 | D:3      | Found a shadowy altar of Dithmenos.
  1870 | D:3      | Reached skill level 5 in Maces & Flails
  1961 | D:3      | Noticed Grinder
  1962 | D:3      | Paralysed by Grinder for 6 turns
  1982 | D:3      | Paralysed by Grinder for 2 turns
  1986 | D:3      | Killed Grinder
  1986 | D:3      | Reached XP level 5. HP: 29/47 MP: 4/4
  1986 | D:3      | Reached XP level 6. HP: 34/55 MP: 5/5
  2544 | D:4      | Reached skill level 5 in Fighting
  2676 | D:4      | Found a sparkling altar of Nemelex Xobeh.
  3077 | D:4      | Reached XP level 7. HP: 42/61 MP: 6/6
  3119 | D:5      | Entered Level 5 of the Dungeon
  3193 | D:5      | Reached skill level 5 in Armour
  3295 | D:5      | Reached *** piety under Trog
  3448 | D:5      | Noticed a moth of wrath
  3451 | D:5      | Found a bloodstained altar of Trog.
  3666 | D:5      | Found an opulent altar of Gozag.
  3906 | D:6      | Got a faintly glowing scale mail
  3921 | D:6      | Got a bloodstained whip
  3922 | D:6      | Identified the +9 whip of Zuhazili {elec, rN++ MR+ Int+4}
                  | (You found it on level 6 of the Dungeon)
  3923 | D:6      | Identified the +3 scale mail of Vlad {rElec rF+ rC- rN+}
                  | (You found it on level 6 of the Dungeon)
  4013 | D:6      | Reached skill level 5 in Dodging
  4013 | D:6      | Reached XP level 8. HP: 70/70 MP: 7/7
  4262 | D:6      | Found a glowing drain.
  4271 | Sewer    | Entered a sewer
  4433 | D:6      | Found a burning altar of Makhleb.
  4903 | D:7      | Noticed Prince Ribbit
  4912 | D:7      | Killed Prince Ribbit
  4912 | D:7      | Reached **** piety under Trog
  4912 | D:7      | Reached XP level 9. HP: 79/79 MP: 8/8
  4950 | D:7      | Found Fereudd's Assorted Antiques.
  4957 | D:7      | Noticed Train's ghost (novice TeAE)
  4968 | D:7      | Found a transporter.
  4972 | D:7      | Found a transporter.
  4984 | D:7      | Killed Train's ghost
  4984 | D:7      | Reached skill level 10 in Maces & Flails
  5165 | D:7      | Found a staircase to the Ecumenical Temple.
  5175 | Temple   | Entered the Ecumenical Temple
  5756 | D:8      | Reached XP level 10. HP: 90/90 MP: 9/9
  5774 | D:8      | Found a shattered altar of Ashenzari.
  6245 | D:9      | Found a basalt altar of Yredelemnul.
  6871 | D:10     | Entered Level 10 of the Dungeon
  6909 | D:10     | Found a staircase to the Orcish Mines.
  7030 | D:10     | Reached skill level 1 in Shields
  7282 | D:10     | Reached ***** piety under Trog
  7501 | D:11     | Reached XP level 11. HP: 99/99 MP: 10/10
  7514 | D:11     | Reached skill level 10 in Fighting
  7572 | D:11     | Found a staircase to the Lair.
  7609 | D:11     | Reached skill level 10 in Armour
  7668 | D:11     | Found Wiesucs's General Store.
  7671 | D:11     | Bought a scroll of identify for 30 gold pieces
  7708 | D:11     | Found a stormy altar of Qazlal.
  7799 | D:11     | Received a gift from Trog
  7802 | D:11     | Got a pitted morningstar {god gift}
  7807 | D:11     | Identified the +7 morningstar of Dogma {speed, rC- Str+5}
                  | (Trog gifted it to you on level 11 of the Dungeon)
  7876 | D:11     | Noticed Grum
  7886 | D:11     | Killed Grum
  8069 | Lair:1   | Entered Level 1 of the Lair of Beasts
  8285 | Lair:1   | Noticed a four-headed hydra
  8294 | Lair:1   | Killed a four-headed hydra
  8294 | Lair:1   | Reached skill level 10 in Dodging
  8706 | Lair:1   | Found a dark tunnel.
  8721 | Volcano  | Entered a volcano
  8789 | Volcano  | Reached XP level 12. HP: 110/110 MP: 11/11
  8854 | Volcano  | Noticed a stone giant
  8881 | Volcano  | Killed a stone giant
  8899 | Volcano  | Found a burning altar of Makhleb.
  9326 | D:11     | Noticed Fannar
  9332 | D:11     | Killed Fannar
  9572 | D:12     | Noticed a seven-headed hydra
  9578 | D:12     | Killed a seven-headed hydra
  9611 | D:12     | Noticed a two-headed ogre
  9615 | D:12     | Killed a two-headed ogre
  9695 | D:12     | Found an iron altar of Okawaru.
  9874 | D:13     | Noticed a centaur warrior
  9882 | D:13     | Noticed a tengu warrior
  9889 | D:13     | Killed a centaur warrior
  9895 | D:13     | Killed a tengu warrior
  9898 | D:13     | Noticed a tengu warrior
  9907 | D:13     | Killed a tengu warrior
 10089 | D:13     | Noticed a two-headed ogre
 10101 | D:13     | Killed a two-headed ogre
 10101 | D:13     | Reached XP level 13. HP: 111/119 MP: 12/12
 10124 | D:13     | Reached skill level 15 in Maces & Flails
 10132 | D:13     | Found a gate to the Vaults.
 10221 | D:13     | Received a gift from Trog
 10338 | D:13     | Received a gift from Trog
 10416 | D:13     | Reached skill level 5 in Shields
 10592 | D:13     | Found Rysy's Gadget Emporium.
 10599 | D:13     | You fall through a shaft for 2 floors!
 10599 | D:15     | Entered Level 15 of the Dungeon
 10636 | D:15     | Noticed an ettin
 10642 | D:15     | Killed an ettin
 11347 | D:15     | Found a staircase to the Depths.
 12484 | Orc:1    | Entered Level 1 of the Orcish Mines
 12486 | Orc:1    | Noticed Sonja
 12494 | Orc:1    | Killed Sonja
 12541 | Orc:1    | Reached XP level 14. HP: 128/129 MP: 13/13
 12545 | Orc:1    | Received a gift from Trog
 12856 | Orc:2    | Entered Level 2 of the Orcish Mines
 12860 | Orc:2    | Paralysed by an orc sorcerer for 5 turns
 13191 | Orc:1    | Noticed an orc warlord
 13201 | Orc:1    | Killed an orc warlord
 13411 | Orc:2    | Found a staircase to the Elven Halls.
 13538 | Orc:2    | Reached skill level 10 in Shields
 13664 | Orc:2    | Found Yxtiolao's Antique Armour Emporium.
 13667 | Orc:2    | Found Wasuilyu's Assorted Antiques.
 13668 | Orc:2    | Found Oveolata's Gadget Emporium.
 13669 | Orc:2    | Found Cuv Saoj's Antique Armour Emporium.
 13678 | Orc:2    | Bought a scroll of identify for 44 gold pieces
 13682 | Orc:2    | Bought a pair of runed boots for 210 gold pieces
 13704 | Orc:2    | Bought a runed cloak for 262 gold pieces
 13704 | Orc:2    | Bought a pair of embroidered gloves for 262 gold pieces
 13735 | Orc:2    | Bought an ancient plate armour for 784 gold pieces
 13735 | Orc:2    | Identified the cursed +0 plate armour "Qafot" {Str+2 Dex+4}
                  | (You bought it in a shop on level 2 of the Orcish Mines)
 13997 | Lair:1   | Gained mutation: You have large cloven feet. [potion of
                  | mutation]
 13997 | Lair:1   | Gained mutation: You are frail. (-10% HP) [potion of
                  | mutation]
 13997 | Lair:1   | Gained mutation: You are partially covered in molten
                  | scales. (AC +2) [potion of mutation]
 13998 | Lair:1   | Lost mutation: You are partially covered in molten scales.
                  | (AC +2) [potion of mutation]
 13998 | Lair:1   | Lost mutation: You are frail. (-10% HP) [potion of
                  | mutation]
 13998 | Lair:1   | Lost mutation: You have large cloven feet. [potion of
                  | mutation]
 13998 | Lair:1   | Gained mutation: Your muscles are strong. (Str +2) [potion
                  | of mutation]
 13998 | Lair:1   | Gained mutation: Your system is resistant to poisons.
                  | (rPois) [potion of mutation]
 13998 | Lair:1   | Gained mutation: Your spells are a little harder to cast,
                  | but a little more powerful. [potion of mutation]
 14340 | Lair:2   | Found a staircase to the Snake Pit.
 14535 | Lair:2   | Got an emerald-encrusted chain mail
 14536 | Lair:2   | Identified the cursed +1 chain mail of Subjectivity
                  | {Stlth+} (You found it on level 2 of the Lair of Beasts)
 14756 | Lair:2   | Received a gift from Trog
 14758 | Lair:2   | Found a staircase to the Shoals.
 15214 | Lair:3   | Found a frozen archway.
 15230 | IceCv    | Entered an ice cave
 15251 | IceCv    | Received a gift from Trog
 15421 | IceCv    | Reached XP level 15. HP: 139/139 MP: 14/14
 15512 | IceCv    | Noticed a frost giant
 15548 | IceCv    | Killed a frost giant
 16224 | Lair:3   | Found a runed translucent gate.
 16224 | Lair:3   | Found a runed translucent gate.
 16225 | Lair:3   | Found a runed translucent gate.
 16227 | Lair:3   | Noticed Dikli's ghost (journeyman MiBe)
 16227 | Lair:3   | Noticed Ruicvywi's ghost (journeyman OgTm)
 16246 | Lair:3   | Killed Dikli's ghost
 16255 | Lair:3   | Killed Ruicvywi's ghost
 17323 | Lair:4   | Reached skill level 15 in Fighting
 18446 | Lair:6   | Entered Level 6 of the Lair of Beasts
 18682 | Lair:6   | Found a staircase to the Slime Pits.
 18683 | Lair:6   | Found a viscous altar of Jiyva.
 18703 | Lair:6   | Reached skill level 15 in Armour
 19091 | Lair:6   | Received a gift from Trog
 19366 | Lair:6   | Reached XP level 16. HP: 125/149 MP: 15/15
 20032 | Lair:6   | Noticed Kirke
 20038 | Lair:6   | Killed Kirke
 20038 | Lair:6   | Received a gift from Trog
 20235 | Shoals:1 | Entered Level 1 of the Shoals
 20397 | Shoals:1 | Found Hyagh's Distillery.
 20404 | Shoals:1 | Bought a potion of heal wounds for 75 gold pieces
 20404 | Shoals:1 | Bought a potion of mutation for 120 gold pieces
 20409 | Shoals:1 | Found Cetithi's Weapon Boutique.
 21042 | Shoals:2 | Noticed Polyphemus
 21076 | Shoals:2 | HP: 6/151 [Polyphemus (15)]
 21076 | Shoals:2 | Slain by Polyphemus

Skill      XL: |  1  2  3  4  5  6  7  8  9 10 11 12 13 14 15 16 |
---------------+-------------------------------------------------+-----
Maces & Flails | 4 6 7 9 11 12 13 14 16 | 16.0
Fighting       | 4 5 6 7 8 9 11 12 13 14 15 16 | 16.0
Armour         | 3 4 5 6 8 9 11 12 13 14 15 | 15.7
Dodging        | 3 4 5 6 7 8 10 11 12 13 14 | 14.6
Shields        | 4 7 11 13 14 | 14.8

Action                   |  1- 3 |  4- 6 |  7- 9 | 10-12 | 13-15 | 16-18 || total
-------------------------+-------+-------+-------+-------+-------+-------++-------
Melee: Mace              |    90 |    82 |    54 |       |       |       ||   226
       Headbutt          |    10 |    12 |    33 |   116 |   311 |    78 ||   560
       Whip              |       |       |   131 |   290 |       |       ||   421
       Morningstar       |       |       |       |   242 |  1095 |   224 ||  1561
Throw: Tomahawk          |       |       |       |       |       |     2 ||     2
Invok: Trog's Hand       |       |     4 |     7 |    13 |    35 |     8 ||    67
       Berserk           |       |     2 |     3 |     3 |    10 |     3 ||    21
  Use: Potion            |     1 |       |       |       |     3 |       ||     4
       Scroll            |       |       |     5 |     6 |    20 |     1 ||    32
 Stab: Sleeping          |     1 |     2 |       |       |       |       ||     3
       Distracted        |       |       |       |       |       |     1 ||     1
  Eat: Chunk             |     1 |     5 |    14 |    18 |    34 |     8 ||    80
       Ration            |       |     1 |       |     1 |     5 |     1 ||     8
Armor: Animal skin       |    19 |     3 |       |       |       |       ||    22
       Ring mail         |       |    21 |    22 |       |       |       ||    43
       Scale mail        |       |       |    33 |   107 |   166 |    29 ||   335
Dodge: Dodged            |    65 |    44 |   128 |   327 |   491 |    95 ||  1150
Block: Buckler           |       |       |       |    65 |       |       ||    65
       Shield            |       |       |       |    10 |   490 |    84 ||   584
